[Event "Early-Titled-Tuesday-Blitz-February-20-2024"]
[Site "Chess.com"]
[Date "2024.02.20"]
[Round "10"]
[White "Kotlyar_K"]
[Black "Elnaz_Kaliakhmet"]
[Result "0-1"]
[WhiteElo "2579"]
[BlackElo "2466"]
[TimeControl "180+1"]
[EndTime "9:56:59 PST"]
[Termination "Elnaz_Kaliakhmet won by checkmate"]

1. e4 c5 2. Nf3 Nc6 3. d4 cxd4 4. Nxd4 Nf6 5. Nc3 d6 6. Bg5 Bd7 7. f3 Qb6 8. Nb3 e6 9. Qd2 Be7 10. Be3 Qd8 11. O-O-O O-O 12. g4 a6 13. h4 b5 14.
h5 b4 15. Nb1 Ne5 16. Be2 Bb5 17. g5 Nfd7 18. Rdg1 Nc4 19. Bxc4 Bxc4 20. g6 a5 21. gxh7+ Kxh7 22. Qg2 Bf6 23. N1d2 Bxb3 24. axb3 a4 25. h6 g6 26. Qg3 axb3 27. Nxb3 Ra2 28. Bd4 Bxd4 29.
Nxd4 Qb6 30. Nxe6 Qe3+ 31. Kb1 Rfa8 32. Ng5+ Qxg5 33. b3 Ra1+ 34. Kb2 R8a2# 0-1

[Event "Early-Titled-Tuesday-Blitz-February-20-2024"]
[Site "Chess.com"]
[Date "2024.02.20"]
[Round "10"]
[White "Muracle"]
[Black "GeorgiosSouleidis"]
[Result "0-1"]
[WhiteElo "2463"]
[BlackElo "2671"]
[TimeControl "180+1"]
[EndTime "9:57:02 PST"]
[Termination "GeorgiosSouleidis won by checkmate"]

1. Nf3 Nf6 2. b3 g6 3. Bb2 Bg7 4. e3 O-O 5. g3 d5 6. Bg2 b6 7. O-O Bb7 8. d3 c5 9. Nbd2 Nbd7 10. Qe2 Qc7 11. c4 e5 12. e4 dxe4 13. dxe4 Rfe8 14. Rfe1 Nb8 15. Rad1 Nc6 16. Nb1 Nd4 17. Nxd4 exd4 18. Qd3 Re7 19. Nd2 Rae8 20. Re2 Bh6 21. f4 Ng4 22. Rde1 Bg7 23. e5 Bxg2 24. Kxg2 Ne3+ 25.
Kg1 f6 26. Nf1 Nxf1 27. Kxf1 fxe5 28. Qf3 Qd7 29. Bc1 d3 30. Rf2 e4 31. Qd1 e3 32.
Bxe3 Rxe3 33. Rxe3 Rxe3 34. Rf3 Rxf3+ 35. Qxf3 d2 36.
Qd1 Qd3+ 37. Kg2 Qe4+ 38. Kh3 Qe1 39. Qf3 d1=Q 40. Qa8+ Bf8 41. Qxa7 Qf1+ 42. Kh4 Qh5# 0-1

[Event "Early-Titled-Tuesday-Blitz-February-20-2024"]
[Site "Chess.com"]
[Date "2024.02.20"]
[Round "10"]
[White "Alexchess1984"]
[Black "sokidze"]
[Result "0-1"]
[WhiteElo "2663"]
[BlackElo "2798"]
[TimeControl "180+1"]
[EndTime "9:57:05 PST"]
[Termination "sokidze won by resignation"]

1. e4 e5 2. Nc3 Nf6 3. d4 exd4 4. Qxd4 Nc6 5. Qd3 Bb4 6. Bd2 O-O 7. O-O-O Re8 8. Nge2 d6 9. Bg5 h6 10. Bxf6 Qxf6 11.
Nd5 Qd8 12. Nxb4 Nxb4 13. Qd2 Na6 14. Nc3 Nc5 15. f3 Be6 16. h4 Qf6 17. Be2 Bd7 18.
Nd5 Qd8 19. g4 Ne6 20. g5 hxg5 21. hxg5 c6 22. Ne3 Qxg5 23. Rdg1 Qe5 24. Nf5 g6 25. Rg4 Ng7 26. f4 Qxe4 27. Nxd6 Qxh1+ 28. Bd1 Bxg4 0-1

[Event "Early-Titled-Tuesday-Blitz-February-20-2024"]
[Site "Chess.com"]
[Date "2024.02.20"]
[Round "10"]
[White "Lion-Al-Messi"]
[Black "MdChess1734"]
[Result "1-0"]
[WhiteElo "2530"]
[BlackElo "2379"]
[TimeControl "180+1"]
[EndTime "9:57:05 PST"]
[Termination "Lion-Al-Messi won by resignation"]

1. e4 c6 2. Nf3 d5 3. Nc3 dxe4 4. Nxe4 Nf6 5. Nxf6+ exf6 6. Bc4 Bd6 7. Qe2+ Qe7 8. Qxe7+ Kxe7 9. O-O Rd8 10. d4 Nd7 11.
Re1+ Kf8 12. Bd3 h6 13. c4 Kg8 14. Bd2 Nf8 15. Bc3 Ng6 16. Rad1 Bg4 17. h3 Bxf3 18.
gxf3 Nh4 19. Be2 Re8 20. c5 Bc7 21. d5 cxd5 22. Kf1 Rad8 23. Bb5 Rxe1+ 24. Rxe1 Nxf3 25. Re7 Rc8 26. Bd7 Kf8 27. Bxc8 Kxe7 28. Bxb7 d4 29. Bb4 Ne5 30. Be4 Ke6 31. b3 f5 32. Bb1 g6 33.
Bd2 Kd5 34. b4 Nc4 35. Bxh6 a5 36. a3 Nxa3 37. Ba2+ Nc4 38. Ke2 axb4 39. Kd3 Kxc5 40. Bxc4 f6 41. h4 g5 42. h5 Bf4 43. Bf8+ Kc6 44. h6 1-0

[Event "Early-Titled-Tuesday-Blitz-February-20-2024"]
[Site "Chess.com"]
[Date "2024.02.20"]
[Round "10"]
[White "Dinamo3"]
[Black "regenda"]
[Result "1-0"]
[WhiteElo "2524"]
[BlackElo "2276"]
[TimeControl "180+1"]
[EndTime "9:57:06 PST"]
[Termination "Dinamo3 won by checkmate"]

1. c4 Nf6 2. Nc3 g6 3. g3 d6 4. Bg2 Bg7 5. d3 O-O 6. e4 c5 7.
Nge2 Ne8 8. O-O Nc7 9. Be3 Ne6 10. d4 cxd4 11. Nxd4 Nxd4 12. Bxd4 Bxd4 13. Qxd4 Nc6 14.
Qd2 Qa5 15. Rad1 Be6 16. b3 Rac8 17. f4 Bg4 18. Rc1 a6 19. h3 Bd7 20. e5 Rfd8 21.
exd6 Bf5 22. Qe3 Rxd6 23. Rfd1 Rxd1+ 24. Rxd1 Rd8 25. Rxd8+ Qxd8 26. g4 Bc8 27. Bxc6 bxc6 28. Kf2 Kg7 29. Ne2 f6 30. a4 Qd1 31. Qxe7+ Kh6 32.
Qf8# 1-0

[Event "Early-Titled-Tuesday-Blitz-February-20-2024"]
[Site "Chess.com"]
[Date "2024.02.20"]
[Round "10"]
[White "Kumi29"]
[Black "KetiTsatsalashvili"]
[Result "1-0"]
[WhiteElo "2626"]
[BlackElo "2457"]
[TimeControl "180+1"]
[EndTime "9:57:10 PST"]
[Termination "Kumi29 won by checkmate"]

1. d4 Nf6 2. Bg5 c5 3. d5 Qb6 4. Nc3 d6 5. e4 Nbd7 6. Bd2 g6 7.
f4 Bg7 8. Nf3 O-O 9. Bc4 a6 10.
a4 Qc7 11. O-O Rb8 12. Qe1 Nb6 13. Ba2 c4 14. Kh1 e6 15. a5 Nbd7 16. dxe6 fxe6 17.
e5 dxe5 18. Nxe5 Nxe5 19. fxe5 Ng4 20. Rxf8+ Kxf8 21. Qf1+ Kg8 22. Bxc4 Bxe5 23. h3 Nf6 24. Re1 Nh5 25. Qd3 Bd7 26. Rxe5 Qxe5 27. Qxd7 Ng3+ 28. Kg1 Qc5+ 29. Kh2 Qxc4 30. Kxg3 Rf8 31. Bh6 Qc5 32. Qg7# 1-0

[Event "Early-Titled-Tuesday-Blitz-February-20-2024"]
[Site "Chess.com"]
[Date "2024.02.20"]
[Round "10"]
[White "shimastream"]
[Black "klimkoj"]
[Result "0-1"]
[WhiteElo "2960"]
[BlackElo "2884"]
[TimeControl "180+1"]
[EndTime "9:57:11 PST"]
[Termination "klimkoj won by resignation"]

1. b3 e5 2. Bb2 Nc6 3. e3 Nf6 4. c4 d5 5. cxd5 Nxd5 6. a3 Bd6 7. d3 O-O 8. Nd2 f5 9. Ngf3 f4 10. e4 Nb6 11. b4 a6 12. Nc4 Bg4 13. Be2 Nxc4 14.
dxc4 Bxf3 15. Bxf3 Nd4 16. Bxd4 exd4 17. c5 Be5 18. Qd3 Kh8 19. h4 Qd7 20. Ke2 Qe6 21.
Rab1 a5 22. b5 Qe7 23. Rbc1 b6 24. cxb6 cxb6 25. Rc6 Rf6 26. h5 Rxc6 27. bxc6 Qc5 28. h6 g5 29. Rb1 Qxc6 30. Rb5 Re8 31. Qb3 g4 32. Bxg4 Qxe4+ 33. Kf1 Bf6 34. Qd1 d3 35.
Bf5 Qe2+ 0-1

[Event "Early-Titled-Tuesday-Blitz-February-20-2024"]
[Site "Chess.com"]
[Date "2024.02.20"]
[Round "10"]
[White "ActorXu"]
[Black "TigrVShlyape"]
[Result "1/2-1/2"]
[WhiteElo "2832"]
[BlackElo "2914"]
[TimeControl "180+1"]
[EndTime "9:57:11 PST"]
[Termination "Game drawn by repetition"]

1. e4 c5 2. Nf3 e6 3. d4 cxd4 4. Nxd4 a6 5. c4 Nf6 6. Nc3 Bb4 7.
Qd3 Nc6 8. Nxc6 dxc6 9. Qxd8+ Kxd8 10. e5 Nd7 11. Bf4 f6 12. O-O-O Ke7 13. Ne4 Nxe5 14.
Bxe5 fxe5 15. c5 Bd7 16. Bc4 Rad8 17. Rd3 Bc8 18. Rhd1 Rd4 19. Rxd4 exd4 20. Rxd4 e5 21. Rd3 Bf5 22. Rb3 a5 23. Nd6 Bc8 24. Nxc8+ Rxc8 25. a3 Bxc5 26. Rxb7+ Kf6 27. Rf7+ Kg6 28. f3 Bg1 29. h3 Bd4 30. Rd7 Rb8 31. b3 c5 32.
Bd3+ Kh6 33. Bc4 Rf8 34. a4 g6 35. Bd3 Rb8 36. Bc4 Rf8 37. Bd3 Rb8 38. Bc4 Rf8 1/2-1/2

[Event "Early-Titled-Tuesday-Blitz-February-20-2024"]
[Site "Chess.com"]
[Date "2024.02.20"]
[Round "10"]
[White "Raffael89"]
[Black "UnTucopalaTimba"]
[Result "1-0"]
[WhiteElo "1856"]
[BlackElo "1975"]
[TimeControl "180+1"]
[EndTime "9:57:11 PST"]
[Termination "Raffael89 won by checkmate"]

1. e4 c6 2. Nc3 d5 3. Nf3 g6 4. exd5 cxd5 5. d4 Bg7 6. Be2 Nf6 7. O-O O-O 8. Bf4 Nc6 9. Re1 a6 10. a4 Bf5 11. Nh4 e6 12. Nxf5 gxf5 13. Qd2 Ne4 14. Nxe4 dxe4 15. c3 Rc8 16. Bh6 Qf6 17.
Bxg7 Qxg7 18. Qf4 Kh8 19. f3 Rg8 20. g3 exf3 21. Bxf3 Rcd8 22. Rad1 Qg6 23. Bxc6 bxc6 24. Re5 Qh5 25. Rde1 Rd5 26. c4 Rxe5 27. Qxe5+ Rg7 28. d5 Qf3 29. dxe6 fxe6 30. Re2 h5 31. Qxe6 Qd3 32. Qe8+ Kh7 33. Qxh5+ Kg8 34. Re8# 1-0

[Event "Early-Titled-Tuesday-Blitz-February-20-2024"]
[Site "Chess.com"]
[Date "2024.02.20"]
[Round "10"]
[White "chessdjw"]
[Black "wonderfultime"]
[Result "0-1"]
[WhiteElo "2750"]
[BlackElo "3047"]
[TimeControl "180+1"]
[EndTime "9:57:14 PST"]
[Termination "wonderfultime won on time"]

1. d4 d5 2. c4 e6 3. Nc3 Bb4 4.
a3 Bxc3+ 5. bxc3 c6 6. e3 Nf6 7. f3 b6 8. Bd3 Ba6 9. cxd5 Bxd3 10. Qxd3 cxd5 11. Ne2 Qc8 12. e4 O-O 13. Bg5 Nfd7 14.
O-O Qa6 15. Qe3 Qc4 16. e5 Nc6 17. Ng3 Rae8 18. Nh5 Kh8 19. Rae1 f6 20. exf6 gxf6 21. Bh6 Rg8 22. f4 Nd8 23. f5 e5 24. Qh3 Nf7 25. Bd2 exd4 0-1

[Event "Early-Titled-Tuesday-Blitz-February-20-2024"]
[Site "Chess.com"]
[Date "2024.02.20"]
[Round "10"]
[White "maciek_92"]
[Black "hansen"]
[Result "1-0"]
[WhiteElo "2838"]
[BlackElo "2904"]
[TimeControl "180+1"]
[EndTime "9:57:18 PST"]
[Termination "maciek_92 won by checkmate"]

1. c4 e5 2. g3 Nf6 3. Bg2 d5 4. cxd5 Nxd5 5. Nc3 Nb6 6. e3 Bd6 7. Nge2 O-O 8. O-O Nc6 9. d4 f5 10. a4 a5 11. dxe5 Nxe5 12. Nf4 c6 13. Qb3+ Kh8 14. Rd1 Nf7 15. e4 Qc7 16. Be3 Bb4 17. Rac1 Ne5 18. Nb5 Qe7 19. Bxb6 cxb5 20. Nd5 Qf7 21. Rc7 Qg8 22.
axb5 fxe4 23. Bxe4 Bg4 24. Rdc1 Rae8 25. f4 Nd7 26.
Qd3 Nxb6 27. Nxb6 Rd8 28. Bd5 h6 29. Qg6 Rxd5 30. Nxd5 Qxd5 31. Qxg7# 1-0

[Event "Early-Titled-Tuesday-Blitz-February-20-2024"]
[Site "Chess.com"]
[Date "2024.02.20"]
[Round "10"]
[White "Kildepiotr"]
[Black "wanyaland"]
[Result "1-0"]
[WhiteElo "2682"]
[BlackElo "2503"]
[TimeControl "180+1"]
[EndTime "9:57:18 PST"]
[Termination "Kildepiotr won by resignation"]

1. Nf3 d5 2. g3 c5 3. Bg2 Nc6 4. O-O f6 5. d4 cxd4 6. Nxd4 e5 7. Nxc6 bxc6 8. c4 Be6 9. Nc3 e4 10. Qa4 Qd7 11. Rd1 f5 12. cxd5 cxd5 13. Qxd7+ Kxd7 14. Nxd5 Bxd5 15. Rxd5+ Ke6 16. Ra5 Bd6 17. Be3 a6 18.
Rd1 Nf6 19. f3 Rhb8 20. Rxd6+ Kxd6 21. Bf4+ Ke7 22. Bxb8 Rxb8 23. b3 Rb6 24. Rxf5 exf3 25. Bxf3 Rd6 26. Ra5 Nd7 27. Bb7 Nb8 28. Kf2 Kd8 29.
Be4 h6 30. Rd5 Kc7 31. Rxd6 Kxd6 32. b4 Ke5 33. Ke3 Nd7 34. Bb7 Nb6 35. Kd3 a5 36. bxa5 Na4 37. Kc4 Kd6 38. Be4 Nc5 39. Bf3 Nd7 40.
Kb5 Kc7 41. a6 Kb8 42. Kc6 Ne5+ 43. Kd6 Nc4+ 44. Ke6 Ka7 45. Kf7 g5 46. Kg6 g4 47.
Bxg4 Kxa6 48. Kxh6 Kb6 49. Kg7 Kc5 50. h4 Ne5 51.
Bf5 Kd6 52. h5 Nc6 53. h6 Ne7 54. Bd3 1-0

[Event "Early-Titled-Tuesday-Blitz-February-20-2024"]
[Site "Chess.com"]
[Date "2024.02.20"]
[Round "10"]
[White "BashirliSaadat"]
[Black "yuriydovzik"]
[Result "1-0"]
[WhiteElo "2353"]
[BlackElo "2151"]
[TimeControl "180+1"]
[EndTime "9:57:18 PST"]
[Termination "BashirliSaadat won on time"]

1. d4 Nf6 2. e3 c5 3. c3 e6 4. Bd3 b6 5. f4 Bb7 6. Nf3 d6 7. O-O Nbd7 8. Nbd2 Be7 9. b3 O-O 10. Bb2 Rc8 11. Qe2 d5 12. Rac1 Qc7 13. Ne5 Nxe5 14. fxe5 Nd7 15. Rf3 g6 16. Rcf1 f5 17. Rh3 Rf7 18.
Nf3 Rcf8 19. Kh1 f4 20. exf4 Rxf4 21. Bc1 Re4 22. Bxe4 dxe4 23. Ng5 cxd4 24. Nxe6 Rxf1+ 25. Qxf1 Qc6 26. Nxd4 Qd5 27. e6 Ne5 28. Bf4 e3 29. Bxe5 1-0

[Event "Early-Titled-Tuesday-Blitz-February-20-2024"]
[Site "Chess.com"]
[Date "2024.02.20"]
[Round "10"]
[White "Byniolus"]
[Black "Bauman_Guy"]
[Result "0-1"]
[WhiteElo "2827"]
[BlackElo "2923"]
[TimeControl "180+1"]
[EndTime "9:57:20 PST"]
[Termination "Bauman_Guy won by resignation"]

1. d4 Nf6 2. Nf3 b6 3. Bf4 Bb7 4. h3 g6 5. e3 Bg7 6. Be2 O-O 7. O-O d6 8. a4 a6 9. c3 Nc6 10. Bh2 Nd7 11. Nbd2 e5 12. Nc4 Qe7 13. Re1 Kh8 14.
Qb3 f5 15. dxe5 Ncxe5 16. Ncxe5 dxe5 17. a5 b5 18. c4 b4 19. Red1 Rab8 20. Rxd7 Qxd7 21.
Bxe5 Bxf3 22. Bxg7+ Qxg7 23. Bxf3 Rfd8 24. c5 Qe5 25. Rc1 Rd2 26. Rc2 Rxc2 27. Qxc2 b3 28.
Qc1 Rb5 29. c6 Kg7 30. g4 Rc5 31. Qd2 Qd6 32. Qe2 Rc2 33. Qxa6 Qd2 34. Qf1 Rc1 0-1

[Event "Early-Titled-Tuesday-Blitz-February-20-2024"]
[Site "Chess.com"]
[Date "2024.02.20"]
[Round "10"]
[White "IndianSchoolOfSuffering"]
[Black "ExtremeLearner"]
[Result "0-1"]
[WhiteElo "2439"]
[BlackElo "2585"]
[TimeControl "180+1"]
[EndTime "9:57:20 PST"]
[Termination "ExtremeLearner won by resignation"]

1. d4 Nf6 2. c4 c5 3. d5 b5 4. Nf3 b4 5. b3 g6 6. Bb2 Bg7 7. a4 O-O 8. Nbd2 d6 9. h3 a5 10. e4 e5 11. Bd3 Nh5 12. Qc2 Nf4 13. Bf1 f5 14. O-O-O Nd7 15. g3 Nh5 16. Be2 Nb6 17. Rdf1 f4 18. g4 Nf6 19. Ng5 h6 20. Ne6 Bxe6 21.
dxe6 Qe7 22. Nf3 Ne8 23. Rd1 Nc7 24. Rd2 Nxe6 25. Rhd1 Nd4 26. Nxd4 cxd4 27. Kb1 Nd7 28. f3 Nc5 29. Bd3 Rfb8 30. Rh2 Bf6 31. h4 Bxh4 32. Rdh1 Bg5 33. Qd1 Kg7 34. Kc2 Rh8 35. Qe2 Rh7 36.
Qf2 Rah8 37. Qg2 Qf6 38. Bc1 Kf8 39. Bd2 Ke7 40. Be1 Kd7 41. Bh4 Bxh4 42. Rxh4 Qg5 43. R4h2 Kc6 44. Be2 h5 45. gxh5 Qxg2 46. Rxg2 Rxh5 47.
Rxh5 Rxh5 48. Bd3 Rh3 49. Be2 d3+ 50. Bxd3 Rxf3 0-1

[Event "Early-Titled-Tuesday-Blitz-February-20-2024"]
[Site "Chess.com"]
[Date "2024.02.20"]
[Round "10"]
[White "ChainedDowntohell"]
[Black "Carlitus2004"]
[Result "0-1"]
[WhiteElo "2545"]
[BlackElo "2405"]
[TimeControl "180+1"]
[EndTime "9:57:21 PST"]
[Termination "Carlitus2004 won by resignation"]

1. d4 d5 2. c4 e6 3. Nf3 Be7 4.
Nc3 h6 5. e3 Nf6 6. Qc2 O-O 7. g4 c5 8. dxc5 dxc4 9. g5 hxg5 10. Nxg5 Qa5 11. Bxc4 Qxc5 12. Nce4 Nxe4 13. Nxe4 Qf5 14.
Bd2 Bd7 15. Bd3 Nc6 16. Bc3 Nb4 17.
Bxb4 Bxb4+ 18. Ke2 Bc6 19. Rag1 Rfd8 20. Rg5 Bxe4 21.
Rxf5 Bxd3+ 22. Qxd3 Rxd3 23. Rb5 Rd2+ 24. Kf3 Rxb2 25.
Rxb7 Bc3 26. Rc7 Be5 27. Rc5 Bd6 28. Rc6 Be5 29. a4 Rb4 30. a5 Rb5 31. a6 Rb6 32.
Rc5 Bd6 33. Ra5 Rc8 34. Rd1 Rcc6 35. Rda1 Bxh2 36. Ke4 Bc7 37. f4 Rb4+ 0-1

[Event "Early-Titled-Tuesday-Blitz-February-20-2024"]
[Site "Chess.com"]
[Date "2024.02.20"]
[Round "10"]
[White "N_I_Chess"]
[Black "Capablanca_Oujda_2021"]
[Result "1-0"]
[WhiteElo "2337"]
[BlackElo "2511"]
[TimeControl "180+1"]
[EndTime "9:57:21 PST"]
[Termination "N_I_Chess won by resignation"]

1. d4 g6 2. c4 Bg7 3. Nc3 e6 4.
e4 Ne7 5. Be3 O-O 6. Bd3 d5 7.
cxd5 exd5 8. e5 Nd7 9. f4 c5 10. Nf3 cxd4 11. Nxd4 Nc5 12. Bc2 Ne6 13. O-O Nxd4 14.
Bxd4 Nc6 15. Bf2 d4 16. Ne4 Qb6 17. Bb3 Be6 18. Bxe6 fxe6 19. Qg4 Ne7 20. Rad1 Nf5 21. Nd6 Nxd6 22. Bxd4 Qc6 23. exd6 Bxd4+ 24. Rxd4 Rf5 25. Rfd1 Rd8 26. Qe2 Kf7 27. Qd3 Qc5 28. Kh1 Kg7 29.
h3 Rd7 30. Rc4 Qb5 31. Rc7 Qxd3 32. Rxd7+ 1-0

[Event "Early-Titled-Tuesday-Blitz-February-20-2024"]
[Site "Chess.com"]
[Date "2024.02.20"]
[Round "10"]
[White "TioCridineno"]
[Black "Alenzer"]
[Result "1-0"]
[WhiteElo "2396"]
[BlackElo "2165"]
[TimeControl "180+1"]
[EndTime "9:57:22 PST"]
[Termination "TioCridineno won by checkmate"]

1. e4 c5 2. Nf3 e6 3. c3 d5 4. exd5 exd5 5. d4 Nf6 6. Bb5+ Nc6 7. O-O Bd6 8. dxc5 Bxc5 9. Nbd2 O-O 10. Nb3 Bb6 11.
h3 Ne4 12. Nbd4 Qf6 13. Be3 Bc7 14. Bd3 Re8 15. Re1 Bd7 16. Nxc6 bxc6 17. Rc1 Bf5 18. Kh1 Bg6 19. Bd4 Qd6 20. b4 Bh5 21. g4 Ng5 22.
Kg2 Nxf3 23. Qxf3 Qh2+ 24. Kf1 Bg6 25. Bf5 Qf4 26. Qxf4 Bxf4 27. Rcd1 Bxf5 28. gxf5 Re4 29. Rxe4 dxe4 30. Bc5 f6 31. Rd7 a5 32. a3 g6 33.
fxg6 hxg6 34. bxa5 Rxa5 35. Bb4 Ra8 36. Ke2 g5 37. f3 exf3+ 38. Kxf3 Re8 39. Kg4 Re3 40.
a4 Rg3+ 41. Kf5 Rxh3 42. Kg6 Rh6+ 43. Kxh6 g4+ 44. Kg6 g3 45. Rd8# 1-0

[Event "Early-Titled-Tuesday-Blitz-February-20-2024"]
[Site "Chess.com"]
[Date "2024.02.20"]
[Round "10"]
[White "pfalcon1949"]
[Black "brm72"]
[Result "0-1"]
[WhiteElo "2006"]
[BlackElo "2578"]
[TimeControl "180+1"]
[EndTime "9:57:22 PST"]
[Termination "brm72 won by resignation"]

1. e4 e6 2. d4 d5 3. Nc3 Nf6 4. e5 Nfd7 5. f4 c5 6. Nf3 Nc6 7.
Be3 a6 8. Qd2 b5 9. dxc5 Bxc5 10. Nd4 Qb6 11. O-O-O Nxd4 12. Bxd4 Bxd4 13. Qxd4 Qxd4 14.
Rxd4 O-O 15. Bd3 Nb6 16. Ne2 Bb7 17. h4 Rac8 18. h5 Nc4 19. g4 Rc7 20. Rg1 Rfc8 21. Kb1 Nd2+ 22. Kc1 Nf3 23. Rg3 Nxd4 24. Nxd4 b4 25. g5 g6 26. hxg6 hxg6 27. Nf3 a5 28. Nh2 Ba6 29. Ng4 Bxd3 30. Nf6+ Kf8 31. Rxd3 Rxc2+ 32. Kd1 Rxb2 33. Rh3 Ke7 34. Rh7 Rxa2 35. Rh6 b3 0-1

[Event "Early-Titled-Tuesday-Blitz-February-20-2024"]
[Site "Chess.com"]
[Date "2024.02.20"]
[Round "10"]
[White "CSB7"]
[Black "CarlosjPineror"]
[Result "1-0"]
[WhiteElo "2766"]
[BlackElo "2578"]
[TimeControl "180+1"]
[EndTime "9:57:23 PST"]
[Termination "CSB7 won on time"]

1. Nf3 Nf6 2. c4 c5 3. Nc3 e6 4. g3 Be7 5. Bg2 O-O 6. O-O a6 7. d4 cxd4 8. Nxd4 Nc6 9. b3 Qc7 10. Bb2 d6 11. Rc1 Ne5 12. h3 Bd7 13. f4 Ng6 14.
Kh2 Rac8 15. e3 Qb8 16. Qe2 Rfd8 17. g4 h6 18. Ne4 b5 19. cxb5 axb5 20. Kg1 b4 21. g5 hxg5 22. Nxg5 Nf8 23. h4 Rxc1 24. Rxc1 1-0

[Event "Early-Titled-Tuesday-Blitz-February-20-2024"]
[Site "Chess.com"]
[Date "2024.02.20"]
[Round "10"]
[White "bazar-wokzal"]
[Black "Nemegejas"]
[Result "0-1"]
[WhiteElo "2686"]
[BlackElo "2815"]
[TimeControl "180+1"]
[EndTime "9:57:24 PST"]
[Termination "Nemegejas won by resignation"]

1. e4 d5 2. exd5 Qxd5 3. Nc3 Qd8 4. Nf3 g6 5. d4 Bg7 6. Bc4 Nh6 7. O-O O-O 8. h3 Nf5 9. Ne2 c5 10. dxc5 Qc7 11.
c3 Qxc5 12. Bb3 Qc7 13. Re1 Nc6 14. Nf4 e6 15. Qe2 b6 16. Ng5 Bh6 17. Ngxe6 fxe6 18. Nxe6 Bxe6 19. Bxh6 Nxh6 20. Qxe6+ Kg7 21. Rad1 Rad8 22. Ba4 Rf6 23. Qe4 Rdf8 24. Bxc6 Qxc6 25. Qxc6 Rxc6 26. Rd7+ Rf7 27. Ree7 a5 28. g4 Rxe7 29. Rxe7+ Nf7 30.
f4 Rd6 31. Rb7 Kf6 32. Kf1 Re6 33. Kf2 h6 34. Kf3 g5 35. a4 gxf4 36. Kxf4 Ne5 37. h4 Nd3+ 38. Kf3 Nxb2 39. h5 Nxa4 40. Rh7 Ke5 0-1

[Event "Early-Titled-Tuesday-Blitz-February-20-2024"]
[Site "Chess.com"]
[Date "2024.02.20"]
[Round "10"]
[White "NewBornNow"]
[Black "vladgoncharov"]
[Result "1-0"]
[WhiteElo "2801"]
[BlackElo "2649"]
[TimeControl "180+1"]
[EndTime "9:57:24 PST"]
[Termination "NewBornNow won by resignation"]

1. e4 e6 2. d4 d5 3. Nc3 Nf6 4. e5 Nfd7 5. Nce2 c5 6. c3 b5 7. a3 a5 8. f4 Ba6 9. Nf3 b4 10. f5 Bxe2 11. Bxe2 exf5 12. axb4 cxb4 13. O-O Be7 14.
Qb3 Nb6 15. Bb5+ Kf8 16. Qc2 g6 17. Bh6+ Kg8 18. cxb4 Bxb4 19. g4 fxg4 20. Ng5 Ra7 21. Rf6 Be7 22. Nxf7 Qc7 23. Qxc7 Rxc7 24. Rxb6 Kxf7 25.
Rf1+ 1-0

[Event "Early-Titled-Tuesday-Blitz-February-20-2024"]
[Site "Chess.com"]
[Date "2024.02.20"]
[Round "10"]
[White "Lady_Nika"]
[Black "ploxoi"]
[Result "1-0"]
[WhiteElo "2560"]
[BlackElo "2444"]
[TimeControl "180+1"]
[EndTime "9:57:26 PST"]
[Termination "Lady_Nika won by resignation"]

1. d4 e6 2. e3 Nf6 3. f4 c5 4. Nf3 b6 5. c3 Bb7 6. Bd3 d6 7. O-O Nbd7 8. Nbd2 Be7 9. Qe2 O-O 10. e4 cxd4 11.
cxd4 e5 12. fxe5 dxe5 13. d5 Bc5+ 14. Kh1 Qe7 15. Nb3 Bd6 16. Bg5 Rfc8 17. Nh4 h6 18. Nf5 Qf8 19. Nxh6+ gxh6 20. Bxf6 Nxf6 21. Rxf6 Be7 22. Rf5 Qg7 23. Raf1 a5 24. Rxf7 Qxf7 25. Rxf7 Kxf7 26. Bc4 Kg7 27. Qg4+ Kh8 28. Nd2 Bf6 29. h3 Rf8 30. Nf3 Rac8 31. Bb3 Rc7 32. Qg6 b5 33. d6 Rh7 34. Be6 a4 35. Bf5 Rff7 36. Qh5 Rfg7 37. Bxh7 Kxh7 38. Qf5+ Rg6 39. d7 Kg7 40. Nxe5 Be7 41.
Qxg6+ 1-0

[Event "Early-Titled-Tuesday-Blitz-February-20-2024"]
[Site "Chess.com"]
[Date "2024.02.20"]
[Round "10"]
[White "romulocardoso"]
[Black "sewlins"]
[Result "1-0"]
[WhiteElo "2342"]
[BlackElo "2145"]
[TimeControl "180+1"]
[EndTime "9:57:30 PST"]
[Termination "romulocardoso won on time"]

1. e4 c5 2. Nf3 d6 3. d4 cxd4 4. Nxd4 Nf6 5. Nc3 a6 6. f3 e5 7.
Nb3 Be6 8. Be3 Be7 9. Qd2 Nbd7 10. O-O-O b5 11. Kb1 h5 12. h4 Rc8 13. Be2 Qc7 14. g4 hxg4 15. fxg4 Bxg4 16. Bxg4 Nxg4 17.
Nd5 Qd8 18. Nxe7 Qxe7 19. Bg5 f6 20. Qg2 fxg5 21. Qxg4 gxh4 22. Qg6+ Qf7 23. Qxd6 Rh6 24. Qa3 h3 25. Rhf1 Qe7 26. Qa5 h2 27. Qd2 Nf6 28. Qg5 Nxe4 29. Qf5 Rc4 30. Na5 Ng3 31. Qf3 Nxf1 32. Nxc4 bxc4 33. Qa8+ Kf7 34. Rxf1+ Kg6 35. Qe4+ Kh5 36. Rf5+ g5 37. Rf2 g4 38. Rxh2+ Kg5 39.
Qe3+ 1-0

[Event "Early-Titled-Tuesday-Blitz-February-20-2024"]
[Site "Chess.com"]
[Date "2024.02.20"]
[Round "10"]
[White "ExchangeAB"]
[Black "only_strong_moves"]
[Result "0-1"]
[WhiteElo "2453"]
[BlackElo "2636"]
[TimeControl "180+1"]
[EndTime "9:57:31 PST"]
[Termination "only_strong_moves won by resignation"]

1. d4 Nf6 2. Nf3 e6 3. c3 d5 4. Bf4 Be7 5. e3 c5 6. Bd3 Nc6 7. O-O Nh5 8. Ne5 Nxf4 9. exf4 cxd4 10. Nxc6 bxc6 11. cxd4 Bf6 12. Qa4 Qb6 13. Nc3 Bxd4 14. f5 O-O 15. Rad1 Bf6 16. Qc2 Rb8 17. b3 e5 18. Na4 Qc7 19. Be2 Rd8 20. g4 e4 21.
f4 g6 22. g5 Be7 23. f6 Bd6 24. Qc1 Bf5 25. Kh1 Re8 26. Nc5 Qb6 27. Na4 Qc7 28.
Nc5 Rb6 29. Qe3 Qc8 30. a3 Bg4 31. b4 Bxe2 32. Qxe2 Bxc5 33. bxc5 Rb3 34. f5 Re5 35. fxg6 hxg6 36. Rg1 Qh3 37. Rdf1 Rf5 38. Rxf5 Qxf5 39.
Qd1 Qf3+ 40. Qxf3 exf3 41. Rf1 d4 42. h4 d3 43. Kg1 d2 44. Kf2 Rd3 45. Rd1 Kf8 46. Kg3 Ke8 47. Kf4 f2 48. Ke4 f1=Q 49. Rxf1 d1=Q 50. Rxd1 Rxd1 51. h5 0-1

[Event "Early-Titled-Tuesday-Blitz-February-20-2024"]
[Site "Chess.com"]
[Date "2024.02.20"]
[Round "10"]
[White "DKmirl"]
[Black "Perecke"]
[Result "1-0"]
[WhiteElo "2336"]
[BlackElo "2480"]
[TimeControl "180+1"]
[EndTime "9:57:31 PST"]
[Termination "DKmirl won by resignation"]

1. d4 Nf6 2. Nf3 e6 3. g3 b6 4. Bg2 Bb7 5. O-O d5 6. Ne5 Bd6 7. c4 O-O 8. Nc3 Nbd7 9. Bf4 c5 10. Nb5 Bb8 11. Qd2 a6 12. Nc3 Nxe5 13. dxe5 Ne4 14. Nxe4 dxe4 15. Qc2 g5 16. Bxe4 Bxe4 17. Qxe4 Qd4 18.
Qxa8 gxf4 19. Qxa6 fxg3 20. hxg3 Bxe5 21. e3 Qg4 22. Qb7 Kh8 23. Kg2 Rg8 24. Qf3 Qg6 25. Rh1 f5 26. Rh3 Rg7 27. Rd1 Kg8 28. Rd8+ Kf7 29. Qb7+ Kf6 30. Rf8+ Rf7 31. Rxf7+ Qxf7 32. Rh6+ Kg7 1-0

[Event "Early-Titled-Tuesday-Blitz-February-20-2024"]
[Site "Chess.com"]
[Date "2024.02.20"]
[Round "10"]
[White "malakismayil"]
[Black "wild3000"]
[Result "1-0"]
[WhiteElo "2530"]
[BlackElo "2420"]
[TimeControl "180+1"]
[EndTime "9:57:33 PST"]
[Termination "malakismayil won by resignation"]

1. e4 a6 2. d4 e6 3. Nc3 b5 4.
a3 Bb7 5. Be3 Nf6 6. f3 d6 7.
Qd2 Be7 8. Bd3 Nbd7 9. Nge2 c5 10. Ng3 cxd4 11. Bxd4 Qc7 12. O-O h5 13. f4 h4 14.
Nge2 h3 15. g3 e5 16. Be3 Ng4 17. Nd5 Bxd5 18. exd5 Nxe3 19. Qxe3 Qc5 20. Qxc5 Nxc5 21. Nc3 Nxd3 22. cxd3 exf4 23. Rxf4 Bf6 24. Re1+ Kd7 25. Ne4 Bd4+ 26. Nf2 Bf6 27. Ng4 Rae8 28. Rxe8 Rxe8 29. Rxf6 gxf6 30. Nxf6+ Ke7 31. Nxe8 Kxe8 32. g4 Ke7 33. Kf2 Kf6 34. Kg3 Kg5 35. Kxh3 Kf4 36. Kh4 Ke3 37. Kg5 Kxd3 38. h4 Kd4 39. h5 Kxd5 40. h6 1-0